AoeStats
← Blyad _Mann

MegaRandom

510299389Analyzed
4v4 RM · 3d ago on Sep 30, 2026· 45m 27s· 8 players
Game mode
Random Map
Map size
Large (8 player)
Population
200
Speed
Normal
Resources
Standard
Victory
Conquest
Starting age
Dark Age
Ending age
Imperial Age
RankedLock teamsTeams togetherTeam positionsShared explorationLock speedFull tech treeHidden civsTurbo modeCheats
Victory
Defeat
🇨🇳 Turks · China
1012
+15
🇨🇳 Danes · China
981
+16
🇨🇳 Varangians · China
973
+17
🇨🇳 Mongols · China
934
+18
🇹🇷 Mongols · Türkiye
1044
-19
🇳🇱 Varangians · Netherlands
1011
-18
🇿🇦 Khitans · South Africa
981
-16
🇹🇷 Franks · Türkiye
909
-13
NORINCO
10:36 Feudal Age
9:53 Loom
11:19 Double-Bit Axe
11:57 Horse Collar
17:35 Forging
20:48 Castle Age
19:51 Scale Barding Armor
23:39 Gold Mining
24:58 Bow Saw
26:34 Iron Casting
27:25 Wheelbarrow
26:46 Stone Mining
27:01 Husbandry
27:12 Bloodlines
28:15 Heavy Plow
28:48 Scale Mail Armor
28:40 Fletching
29:39 Careening
29:09 Treadmill Crane
29:53 Vendel Legacy
37:38 Imperial Age
35:19 Elite Skirmisher
36:39 Ballistics
38:39 Conscription
39:18 Chain Barding Armor
43:11 Blast Furnace
42:32 Hand Cart
42:55 Stone Shaft Mining
42:12 Elite Jarl
mikey
12:40 Feudal Age
16:37 Castle Age
17:10 Arson
27:17 Double-Bit Axe
27:15 Horse Collar
32:56 Imperial Age
31:03 Wheelbarrow
31:12 Heavy Plow
32:44 Hand Cart
32:16 Loom
32:16 Town Watch
32:45 Bow Saw
34:04 Elite Varangian Guard
34:50 Squires
34:37 Gambesons
35:28 Forging
35:18 Scale Mail Armor
35:13 Gold Mining
35:15 Stone Mining
35:11 Elite Jomsviking
36:54 Gold Shaft Mining
36:56 Stone Shaft Mining
35:45 Hamask
37:37 Iron Casting
37:22 Chain Mail Armor
39:37 Blast Furnace
39:20 Conscription
40:03 Town Patrol
43:31 Plate Mail Armor
42:53 Fletching
宝宝巴士
9:55 Feudal Age
14:41 Castle Age
14:00 Loom
24:14 Double-Bit Axe
24:10 Horse Collar
26:44 Heavy Plow
28:57 Wheelbarrow
28:56 Gold Mining
28:57 Stone Mining
31:44 Imperial Age
30:14 Bloodlines
30:04 Husbandry
30:13 Thumb Ring
30:47 Bow Saw
32:13 Ballistics
32:22 Scale Barding Armor
33:12 Hand Cart
33:37 Gold Shaft Mining
32:24 Elite Mangudai
33:25 Conscription
32:28 Elite Steppe Lancer
33:39 Parthian Tactics
34:31 Chain Barding Armor
34:24 Forging
34:58 Stone Shaft Mining
35:42 Padded Archer Armor
35:33 Fletching
36:13 Capped Ram
38:13 Iron Casting
37:34 Bodkin Arrow
37:54 Leather Archer Armor
40:53 Scale Mail Armor
40:54 Bracer
41:55 Blast Furnace
41:51 Town Watch
42:25 Chain Mail Armor
44:47 Town Patrol
45:21 Plate Mail Armor
山海
6:33 Loom
11:17 Feudal Age
19:58 Castle Age
17:47 Double-Bit Axe
19:42 Horse Collar
24:41 Bow Saw
31:38 Imperial Age
30:23 Ballistics
30:51 Padded Archer Armor
30:42 Fletching
31:48 Leather Archer Armor
32:28 Bodkin Arrow
32:49 Gold Mining
32:49 Stone Mining
33:15 Heavy Plow
33:41 Bracer
35:19 Ring Archer Armor
37:09 Scale Barding Armor
37:15 Forging
38:29 Artillery
40:01 Chain Barding Armor
40:16 Iron Casting
40:22 Fortified Wall
41:08 Elite Janissary
42:45 Wheelbarrow
44:26 Two-Man Saw
45:11 Gold Shaft Mining
Blyad _Mann
0:28 Loom
13:18 Feudal Age
18:05 Castle Age
16:56 Double-Bit Axe
17:37 Horse Collar
19:18 Bow Saw
19:07 Gold Mining
20:11 Wheelbarrow
20:08 Heavy Plow
25:00 Stone Mining
27:46 Forging
27:36 Scale Mail Armor
27:44 Scale Mail Armor
28:40 Squires
28:25 Gambesons
28:26 Arson
33:31 Imperial Age
32:06 Iron Casting
31:46 Chain Mail Armor
32:55 Chain Mail Armor
33:12 Hand Cart
33:44 Gothikon
34:44 Conscription
34:08 Elite Varangian Guard
35:16 Vendel Legacy
36:09 Bloodlines
35:59 Husbandry
35:30 Cavalier
38:08 Guilds
38:01 Light Cavalry
41:15 Scale Barding Armor
42:11 Blast Furnace
41:41 Plate Mail Armor
42:27 Plate Mail Armor
42:19 Chain Barding Armor
42:33 Plate Mail Armor
Hüso
12:20 Feudal Age
18:27 Castle Age
28:32 Double-Bit Axe
33:20 Gold Mining
37:57 Imperial Age
36:16 Scale Barding Armor
36:13 Scale Mail Armor
36:21 Stone Mining
37:39 Chain Barding Armor
38:09 Gold Shaft Mining
37:48 Husbandry
38:19 Cavalier
39:37 Plate Barding Armor
39:17 Chain Mail Armor
39:49 Wheelbarrow
GreenHydra
11:11 Feudal Age
10:25 Loom
15:54 Domestication
17:24 Double-Bit Axe
22:32 Castle Age
20:33 Arson
21:15 Scale Mail Armor
21:40 Forging
21:42 Stone Mining
23:23 Squires
23:41 Chain Mail Armor
23:33 Pastoralism
25:01 Bow Saw
25:32 Iron Casting
25:36 Gold Mining
26:58 Fletching
30:01 Wheelbarrow
29:50 Town Watch
36:13 Imperial Age
34:24 Hand Cart
36:07 Lamellar Armor
37:21 Conscription
36:43 Elite Liao Dao
38:43 Plate Mail Armor
40:20 Transhumance
41:44 Two-Man Saw
Mystic Boy
7:16 Loom
9:33 Feudal Age
10:21 Double-Bit Axe
10:18 Horse Collar
15:42 Fletching
22:11 Castle Age
20:10 Stone Mining
23:42 Wheelbarrow
23:51 Bow Saw
24:48 Heavy Plow
27:12 Town Watch
31:30 Bodkin Arrow
33:32 Nomads
33:37 Padded Archer Armor
34:02 Hand Cart
38:25 Imperial Age
36:39 Bloodlines
36:30 Husbandry
37:00 Ballistics
Connection lost

Rejoining the realm…

Still unreachable

The connection could not be restored.

Session expired

The server has moved on; the page needs a fresh start.